 Dungeon Crawl Stone Soup version 0.21.1-1-g345015f (webtiles) character file.

68 wilfster70 the Cutter (level 4, 0/29 HPs)
             Began as a Halfling Warper on June 6, 2018.
             Succumbed to a gnoll's poison
             ... on level 1 of the Dungeon.
             The game lasted 00:06:38 (2026 turns).

wilfster70 the Cutter (Halfling Warper)             Turns: 2026, Time: 00:06:38

Health: 0/29       AC:  6    Str: 12    XL:     4   Next: 41%
Magic:  7/7        EV: 13    Int: 12    God:
Gold:   89         SH:  0    Dex: 13    Spells: 3/7 levels left

rFire    . . .     SeeInvis .   a - +0 short sword
rCold    . . .     Gourm    .   (shield restricted)
rNeg     . . .     Faith    .   h - +0 ring mail
rPois    .         Spirit   .   (no helmet)
rElec    .         Reflect  .   (no cloak)
rCorr    .         Harm     .   (no gloves)
MR       .....                  s - +0 pair of boots
Stlth    +.........             (no amulet)
HPRegen  0.09/turn              (no ring)
MPRegen  0.10/turn              (no ring)

@: lethally poisoned (0 -> -6)
A: small, talons 1, mutation resistance 1
a: no special abilities


You were on level 1 of the Dungeon.
You were hungry.

You visited 1 branch of the dungeon, and saw 2 of its levels.

You collected 89 gold pieces.

Inventory:

Hand Weapons
 a - a +0 short sword (weapon)
 b - a +0 hunting sling
 w - a +1 dagger of holy wrath
Missiles
 e - 5 tomahawks of dispersal (quivered)
 o - 16 sling bullets
 q - 56 stones
Armour
 h - a +0 ring mail (worn)
 r - a +0 buckler
 s - a +0 pair of boots (worn)
Scrolls
 d - a scroll of blinking
 i - a scroll of fear {unknown}
 j - 2 scrolls of teleportation {unknown}
 k - a scroll of enchant armour {unknown}
 l - 2 scrolls of enchant weapon {unknown}
 m - a scroll of amnesia {unknown}
 n - a scroll of identify
Books
 c - a book of Spatial Translocations

   Spells                             Type                      Level
   a - Blink                          Translocation                2
   b - Shroud of Golubria             Charms/Translocation         2
   c - Lesser Beckoning               Translocation                3
   d - Gell's Gravitas                Translocation                3
   e - Teleport Other                 Translocation                3
   f - Passage of Golubria            Translocation                4
Comestibles
 f - 3 rations


   Skills:
 - Level 1.7 Fighting
 + Level 3.9 Short Blades
 - Level 1.0 Throwing
 - Level 1.1 Armour
 - Level 2.1 Dodging
 - Level 1.0 Shields
 + Level 2.4 Spellcasting
 - Level 3.2 Translocations


You had 3 spell levels left.
You knew the following spells:

 Your Spells              Type           Power        Failure   Level  Hunger
a - Blink                 Tloc           N/A          22%         2    ###....
b - Shroud of Golubria    Chrm/Tloc      #.........   41%         2    ###....


Dungeon Overview and Level Annotations

Branches:
Dungeon (2/15)

Altars:
Dithmenos
Vehumet


Innate Abilities, Weirdness & Mutations

You are small and have problems with some larger weapons.
You are somewhat resistant to further mutation.
You have sharp toenails.


Message History

The gnoll is almost dead.
The gnoll hits you with a whip.
* * * LOW HITPOINT WARNING * * *
You feel better. The gnoll hits you but does no damage.
You hit the gnoll.
You kill the gnoll!
The gnoll hits you with a flail of venom!
* * * LOW HITPOINT WARNING * * *
You are lethally poisoned!
* * * LOW HITPOINT WARNING * * *
You feel sick.
* * * LOW HITPOINT WARNING * * *
You feel sick.
* * * LOW HITPOINT WARNING * * *
You feel sick.
* * * LOW HITPOINT WARNING * * *
You feel sick.
It was a potion of mutation.
You feel extremely strange.
Your toenails lengthen and sharpen.
You die...

.....................#
...........##.#..###.#
'#######...#.....# #)#
.........#)#.....# #.#
.......###)##.######.#
.......# #.##.##.....#
.......# #.##.##.#####
#...#### #.....#g#
#...# #.....#@#
#...#### #.#...#.#
.......# #.#...#.#
.......# #.#...#.#
########## .......#
#.....#.# #........#
#...#### #.#..##)#
#.######.# #...#
#.......# #.# #.#
#...####
#.#..########.# #.#
.......#
#.#...........# #.#


You could see a gnoll.

Vanquished Creatures
  A gnoll (D:1)
  An adder (D:1)
  An ooze (D:2)
  A worm (D:1)
  2 dart slugs
  A leopard gecko (D:1)
  A bat (D:2)
  2 giant cockroaches (D:1)
  4 goblins (D:1)
  6 hobgoblins (D:1)
  4 jackals (D:1)
  2 quokkas (D:2)
  A frilled lizard (D:1)
  5 kobolds
  3 rats
35 creatures vanquished.

Notes
Turn   | Place    | Note
-------+----------+-------------------------------------------
     0 | D:1      | wilfster70 the Halfling Warper began the quest for the Orb.
     0 | D:1      | Reached XP level 1. HP: 14/14 MP: 3/3
   241 | D:1      | Reached XP level 2. HP: 19/19 MP: 4/4
   245 | D:1      | Learned a level 2 spell: Blink
   248 | D:1      | Learned a level 2 spell: Shroud of Golubria
   774 | D:1      | Reached XP level 3. HP: 24/24 MP: 6/6
  1193 | D:1      | Reached skill level 1 in Shields
  1409 | D:2      | Found a radiant altar of Vehumet.
  1885 | D:2      | Reached XP level 4. HP: 29/29 MP: 7/7
  1910 | D:2      | Found a shadowy altar of Dithmenos.
  2015 | D:1      | HP: 1/29 [gnoll/whip (6)]
  2023 | D:1      | HP: 1/29 [poisoned by a gnoll]
  2026 | D:1      | Gained mutation: You have sharp toenails. [potion of mutation]
  2026 | D:1      | Succumbed to a gnoll's poison

Skill      XL: |  1  2  3 |
---------------+----------+-----
Short Blades   | 3 |  3.9
Spellcasting   | 2 |  2.4
Shields        | 1 |  1.0
Fighting       | |  1.7
Throwing       | |  1.0
Armour         | |  1.1
Dodging        | |  2.1
Translocations | |  3.2

Action                   |  1- 3 |  4- 6 || total
-------------------------+-------+-------++-------
Melee: Short sword       |   140 |    31 ||   171
 Fire: Hunting sling     |       |     5 ||     5
  Use: Scroll            |     2 |       ||     2
       Potion            |     1 |     2 ||     3
  Eat: Chunk             |     3 |       ||     3
Armor: Ring mail         |    46 |     5 ||    51
Dodge: Dodged            |   104 |    20 ||   124
